 Dungeon Crawl Stone Soup version 0.30.2 (webtiles) character file.

Game seed: 17829267005205654851

7628 porpoise the Destroyer (level 10, -2/81 HPs)
             Began as a White Draconian Fire Elementalist on Jan 20, 2024.
             Was a Follower of Vehumet.
             Slain by a komodo dragon (12 damage)
             ... while petrified by a basilisk
             ... on level 1 of the Lair of Beasts.
             The game lasted 01:05:57 (17192 turns).

porpoise the Destroyer (DrFE)                      Turns: 17192, Time: 01:05:57

Health: -2/81      AC:  9    Str: 11    XL:     10   Next: 98%
Magic:  7/17       EV:  2    Int: 19    God:    Vehumet [*.....]
Gold:   395        SH:  0    Dex: 12    Spells: 6/19 levels left

rFire   . . .        a - +4 dagger
rCold   + . .        (no shield)
rNeg    + + +        (body armour unavailable)
rPois   ∞            (helmet restricted)
rElec   .            n - +1 cloak
rCorr   .            (no gloves)
SInv    .            (no boots)
Will    .....        (no amulet)
Stlth   ++           E - ring of flight
HPRegen 0.33/turn    (no ring)
MPRegen 0.15/turn

%: no passive effects
@: petrified, flying
A: breathe frost, AC +7, unfitting armour, cold resistance 1, cold-blooded
a: Breathe Frost, Renounce Religion


You were on level 1 of the Lair of Beasts.
You worshipped Vehumet.
Vehumet was aware of your devotion.
You visited 3 branches of the dungeon, and saw 12 of its levels.
You also visited: Sewer.

You collected 395 gold pieces.

Inventory:

Hand Weapons
 a - a +4 dagger (weapon)
Missiles
 e - 4 javelins
 g - 55 poisoned darts (quivered)
 o - 13 boomerangs
Armour
 j - an orb of light
 n - a +1 cloak (worn)
Jewellery
 h - an amulet of guardian spirit
 w - a ring of ice
 E - a ring of flight (left hand)
 G - an amulet of faith
Wands
 p - a wand of flame (8)
 v - a wand of paralysis (26)
 x - a wand of digging (3)
 y - a wand of polymorph (21)
 J - a wand of acid (4)
Scrolls
 c - 2 scrolls of fog
 i - 2 scrolls of poison
 s - 3 scrolls of torment
 t - a scroll of teleportation
 u - 2 scrolls of enchant armour
 z - a scroll of silence
 B - a scroll of vulnerability {unknown}
 F - a scroll of blinking {unknown}
 H - a scroll of identify
Potions
 b - 3 potions of flight
 d - 2 potions of mutation
 f - 7 potions of curing
 k - 2 potions of magic
 l - 2 potions of lignification
 m - a potion of berserk rage
 q - 6 potions of brilliance
 r - 5 potions of heal wounds
 A - a potion of haste
 C - a potion of attraction
 D - a potion of ambrosia {unknown}
Miscellaneous
 I - a lightning rod (4/4)


   Skills:
 - Level 5.0 Fighting
 - Level 1.7 Dodging
 - Level 1.7 Stealth
 - Level 5.0 Spellcasting
 - Level 9.0 Conjurations
 * Level 3.2 Summonings
 - Level 4.0 Fire Magic
 - Level 5.0 Air Magic
 + Level 9.0 Earth Magic
 - Level 5.0 Poison Magic


You had 6 spell levels left.
You knew the following spells:

 Your Spells              Type           Power      Damage    Failure   Level
a - Foxfire               Conj/Fire      100%       2x1d9     1%          1
b - Scorch                Fire           40%        2d7       3%          2
c - Stone Arrow           Conj/Erth      76%        3d11      1%          3
d - Call Canine Familiar  Summ           17%        N/A       10%         3
m - Mephitic Cloud        Conj/Pois/Air  28%        N/A       2%          3
s - Sandblast             Erth           76%        2d16      1%          1

Your spell library contained the following spells:

 Spells                   Type           Power      Damage    Failure   Level
 Freeze                   Ice            16%        1d4       12%         1
 Passwall                 Tmut/Erth      17%        N/A       3%          2
 Flame Wave               Conj/Fire      29%        2d9       9%          4
 Apportation              Tloc           8%         N/A       12%         1
 Inner Flame              Hex/Fire       12%        N/A       16%         3
 Volatile Blastmotes      Fire/Tloc      24%        2d12      16%         3
 Leda's Liquefaction      Hex/Erth       10%        N/A       19%         4
 Portal Projectile        Hex/Tloc       8%         N/A       36%         3
 Alistair's Intoxication  Tmut/Pois      9%         N/A       77%         5
 Dispersal                Tloc           2%         N/A       100%        6


Dungeon Overview and Level Annotations

Branches:
Dungeon (10/15)            Temple (1/1) D:7            Lair (1/5) D:8
  Sewer (visited)
    Orc: D:9-12

Altars:
Ashenzari
Cheibriados
Dithmenos
Fedhas
Gozag
Hepliaklqana
Kikubaaqudgha
Makhleb
Nemelex Xobeh
Okawaru
Qazlal
Ru
Sif Muna
Trog
Uskayaw
Vehumet
Wu Jian
Xom
Yredelemnul
Zin
The Shining One

Shops:
D:1 (

Annotations:
D:3 2 transporters, NebNova's ghost, novice HOMo
D:6 1 runed translucent door, champdelmundo's ghost, novice OpIE
D:7 2 transporters


Innate Abilities, Weirdness & Mutations

You can breathe waves of freezing cold which knock back foes.
Your icy white scales are hard. (AC +7)
You cannot fit into any form of body armour.
Your flesh is cold resistant. (rC+)
You are cold-blooded and may be slowed by cold attacks.


Message History

Confirm with . or Enter, or press ? or * to list all spells.
You don't know that spell.
Casting: Stone Arrow (safe; 1% risk of failure)
Confirm with . or Enter, or press ? or * to list all spells.
Aiming: Stone Arrow (safe; 1% risk of failure)
Press: ? - help, Shift-Dir - straight line, f/p - komodo dragon
Aim: a komodo dragon (moderately wounded, 81% to hit)
The stone arrow hits the komodo dragon!
The komodo dragon is heavily wounded.
The komodo dragon completely misses you.
The basilisk gazes at you.
You are slowing down.
Aiming: Throw Flame
Press: ? - help, Shift-Dir - straight line, f - basilisk, p - komodo dragon
Aim: a basilisk (60% to hit)
The puff of flame misses the basilisk.
The komodo dragon bites you!
* * * LOW HITPOINT WARNING * * *
The basilisk is engulfed in a cloud of scalding steam.
The basilisk gazes at you. You resist with some effort.
The komodo dragon bites you.
* * * LOW HITPOINT WARNING * * *
Your limbs are stiffening.
There are monsters nearby!
There are monsters nearby!
Aiming: Throw Flame
Press: ? - help, Shift-Dir - straight line, f/p - basilisk
Aim: a basilisk (steam, lightly wounded, 60% to hit)
The puff of flame misses the basilisk.
The basilisk is engulfed in a cloud of scalding steam.
The komodo dragon bites you but does no damage.
You have turned to stone.
The komodo dragon bites you!!
* * * LOW HITPOINT WARNING * * *
The komodo dragon bites you. x2
* * * LOW HITPOINT WARNING * * *
The basilisk gazes at you. You resist with some effort.
Your magical contamination has completely faded away.
The komodo dragon bites you!!
You die...

#.## ##...######.......♣
#.# #...## ##.####... #.#
##..# #..# ##.### ###
#..# #.##
#..#.###.####..# #.#
......>........# #.#
##+.P..PP.##...# ...
............#..########..
................@l.......
............#.....##.###
..................#
.............l....#
............#.....~#
..........~.....≈≈
~~~~~~≈~~~.....≈~~
..................


You could see a komodo dragon and a basilisk.

Vanquished Creatures
  A komodo dragon (Lair:1)
  A troll (D:8)
  2 slime creatures
  A shadow (D:7)
  A wraith (D:9)
  A wyvern (D:9)
  6 yaks
  A steam dragon (D:6)
  Grum (D:8)
  An acid dragon (D:7)
  5 orc warriors
  A swamp drake (D:8)
  4 sky beasts
  2 ogres
  6 wolves (D:8)
  2 phantoms (D:7)
  5 kobold brigands
  Blork the orc (D:6)
  3 bullfrogs
  3 scorpions
  2 gnoll sergeants
  14 wights
  6 killer bees (D:7)
  7 electric eels (D:8)
  2 howler monkeys (D:8)
  3 jellies (D:8)
  An orc priest (D:9)
  A gnoll bouda (D:5)
  9 hounds
  Natasha (thrice) (D:3)
  2 orc wizards (D:5)
  Ijyb (D:3)
  9 iguanas
  Robin (D:2)
  14 gnolls
  A river rat (Sewer)
  2 adders
  A white imp (D:5)
  3 ufetubi (D:5)
  2 worms (D:5)
  A dart slug (D:3)
  24 orcs
  6 bats
  12 endoplasms
  3 giant cockroaches
  22 goblins
  15 hobgoblins
  5 jackals
  6 quokkas
  10 ball pythons
  4 frilled lizards
  27 kobolds
  12 rats
279 creatures vanquished.

Vanquished Creatures (others)
  An octopode (D:1)
  A gargoyle (D:1)
  A vine stalker (D:1)
  An elf (D:1)
  A merfolk (D:1)
  2 trolls (D:1)
  4 formicids (D:1)
  A vampire (D:1)
  A tengu (D:1)
  A mummy (D:1)
  A gnoll (D:1)
  508 foxfires
  4 tentacles (D:1)
527 creatures vanquished.

Grand Total: 806 creatures vanquished

Notes
Turn   | Place    | Note
-------+----------+-------------------------------------------
     0 | D:1      | porpoise the Draconian Fire Elementalist began the quest
                  | for the Orb.
     0 | D:1      | Reached XP level 1. HP: 14/14 MP: 3/3
     2 | D:1      | Noticed an octopode
     2 | D:1      | Noticed an elf
     2 | D:1      | Noticed a formicid
     2 | D:1      | Noticed a formicid
     2 | D:1      | Noticed a formicid
     2 | D:1      | Noticed a merfolk
     2 | D:1      | Noticed a vampire
     2 | D:1      | Noticed a gargoyle
     2 | D:1      | Noticed a kraken
     2 | D:1      | Noticed a formicid
     2 | D:1      | Noticed a tengu
     2 | D:1      | Noticed a vine stalker
     2 | D:1      | Noticed a troll
     2 | D:1      | Noticed a troll
     3 | D:1      | Killed an elf
     4 | D:1      | Killed an octopode
     5 | D:1      | Killed a formicid
     6 | D:1      | Killed a vampire
     6 | D:1      | Killed a merfolk
     8 | D:1      | Killed a formicid
     9 | D:1      | Killed a gargoyle
     9 | D:1      | Killed a vine stalker
    10 | D:1      | Killed a troll
    11 | D:1      | Killed a formicid
    12 | D:1      | Killed a formicid
    12 | D:1      | Killed a tengu
    13 | D:1      | Killed a troll
   122 | D:1      | Reached XP level 2. HP: 20/20 MP: 1/5
   376 | D:1      | Found Qutez's Weapon Boutique.
   529 | D:1      | Learned a level 1 spell: Sandblast
   886 | D:1      | Reached XP level 3. HP: 26/26 MP: 2/6
  1529 | D:1      | Learned a level 2 spell: Scorch
  1668 | D:2      | Reached skill level 1 in Earth Magic
  2169 | D:2      | Noticed Robin
  2337 | D:2      | Identified the +7 chain mail of the Furies {rPois rCorr
                  | Int+3}
  2847 | D:2      | Killed Robin
  2848 | D:2      | Reached XP level 4. HP: 33/33 MP: 2/7
  3130 | D:3      | Got Beirghim's Notes on Feculent Location
  3220 | D:3      | Found a transporter.
  3397 | D:3      | Found a transporter.
  3583 | D:3      | Found a stormy altar of Qazlal.
  3776 | D:3      | Noticed Ijyb
  3797 | D:3      | Killed Ijyb
  3798 | D:3      | Reached XP level 5. HP: 32/38 MP: 0/8
  3919 | D:3      | Noticed Natasha
  3932 | D:3      | Killed Natasha
  4097 | D:3      | Noticed Natasha
  4102 | D:3      | Killed Natasha
  4570 | D:3      | Noticed Natasha
  4573 | D:3      | Killed Natasha
  4753 | D:3      | Noticed NebNova's ghost (novice HOMo)
  4922 | D:4      | Reached skill level 5 in Earth Magic
  4926 | D:4      | Learned a level 3 spell: Stone Arrow
  4973 | D:4      | Reached XP level 6. HP: 41/45 MP: 1/10
  6077 | D:5      | Entered Level 5 of the Dungeon
  6377 | D:5      | Your scales start taking on an icy white colour.
  6377 | D:5      | Reached XP level 7. HP: 50/50 MP: 8/11
  6377 | D:5      | Gained mutation: Your flesh is cold resistant. (rC+) [White
                  | Draconian growth]
  6563 | D:5      | Found an ancient bone altar of Kikubaaqudgha.
  6750 | D:5      | Found a glowing drain.
  6754 | Sewer    | Entered a sewer
  7104 | Sewer    | Found a white marble altar of Elyvilon.
  7254 | D:5      | Found a shimmering blue altar of Sif Muna.
  7823 | D:5      | Reached XP level 8. HP: 57/57 MP: 7/13
  8518 | D:6      | Noticed Blork the orc
  8634 | D:6      | Reached skill level 5 in Conjurations
  8674 | D:6      | Noticed champdelmundo's ghost (novice OpIE)
  8676 | D:6      | Found a runed translucent door.
  9082 | D:6      | Killed Blork the orc
 10375 | D:7      | Reached skill level 5 in Spellcasting
 10381 | D:7      | Learned a level 3 spell: Mephitic Cloud
 10542 | D:7      | Reached skill level 1 in Air Magic
 10542 | D:7      | Reached skill level 1 in Poison Magic
 10694 | D:7      | Found a transporter.
 10754 | D:7      | Reached XP level 9. HP: 24/62 MP: 7/16
 11005 | D:7      | Found a staircase to the Ecumenical Temple.
 11753 | D:7      | Found a broken altar of Ashenzari.
 11774 | Temple   | Entered the Ecumenical Temple
 11779 | Temple   | Became a worshipper of Vehumet
 12201 | D:7      | Found a transporter.
 12600 | D:8      | Reached skill level 5 in Poison Magic
 12630 | D:8      | Noticed Grum
 12648 | D:8      | Killed Grum
 12649 | D:8      | Reached skill level 5 in Air Magic
 12649 | D:8      | Reached XP level 10. HP: 45/69 MP: 13/17
 12661 | D:8      | Reached skill level 1 in Fighting
 13134 | D:8      | Found a staircase to the Lair.
 13518 | D:8      | Reached * piety under Vehumet
 13518 | D:8      | Offered knowledge of Freeze by Vehumet.
 15127 | D:9      | Learned a level 3 spell: Call Canine Familiar
 15278 | D:9      | Reached skill level 1 in Summonings
 15544 | D:9      | Reached skill level 5 in Fighting
 16373 | D:9      | Found a hide-covered altar of Uskayaw.
 16435 | D:9      | Found a snail-covered altar of Cheibriados.
 16578 | D:10     | Entered Level 10 of the Dungeon
 16853 | Lair:1   | Entered Level 1 of the Lair of Beasts
 17192 | Lair:1   | Slain by a komodo dragon

Illustrated notes

Levels and vault maps discovered:
D:1:      nicolae_arrival_kraken_aquarium_b, layout_basic, serial_shops, shop,
          minmay_3d_cube
D:2:      layout_loops_ring, serial_forest, infiniplex_forest_straight_2,
          infiniplex_forest_end_2, infiniplex_forest_clump_curved,
          infiniplex_forest_lined_room_3, infiniplex_forest_straight_3,
          infiniplex_forest_3_way, infiniplex_forest_clump_long,
          infiniplex_forest_end_double, infiniplex_forest_clump_cross,
          minivault_5, uniq_robin
D:3:      kennysheep_goblin_castle, layout_basic,
          nicolae_qazlal_scattered_showers, gammafunk_ghost_gnarly_gnolls,
          nicolae_elevator_lobby_plus, uniq_natasha
D:4:      layout_layer_cave
D:5:      layout_basic, nicolae_overflow_hidden_temple, led_sif_book,
          enter_ossuary_5, gup_sewer_entry_bowl
D:6:      layout_basic, hellmonk_ghost_happy_afterlife, uniq_blork_the_orc
D:7:      gammafunk_cloud_chamber, layout_basic,
          mainiacjoe_overflow_surrounded_room, minmay_temple_entry_trees,
          minmay_fractal_squares_diagonal_5
D:8:      cheibrodos_fertilizer, layout_basic, erik_lair_island,
          grunt_decor_junction, minmay_crystal_room, lightli_minifort, uniq_grum
D:9:      layout_basic, mainiacjoe_overflow_catwalk_spiral
D:10:     layout_basic, kennysheep_mini, minmay_orc_entry_temple_small,
          due_unseen_surprise, uniq_josephine
Temple:   minmay_freezing_vapour_temple
Lair:1:   layout_chaotic_city, nicolae_quartered_pool_medium

Skill      XL: |  1  2  3  4  5  6  7  8  9 10 |
---------------+-------------------------------+-----
Earth Magic    | 2 3 5 7 9 |  9.0
Conjurations   | 2 3 4 6 8 9 |  9.0
Spellcasting   | 3 5 |  5.0
Fire Magic     | 3 4 |  4.0
Air Magic      | 1 5 |  5.0
Poison Magic   | 2 5 |  5.0
Fighting       | 5 |  5.0
Summonings     | 3 |  3.2
Dodging        | |  1.7
Stealth        | |  1.7

Action                     |  1- 3 |  4- 6 |  7- 9 | 10-12 || total
---------------------------+-------+-------+-------+-------++-------
  Melee: Unarmed           |    19 |       |       |       ||    19
         Tailslap          |     5 |     8 |     4 |     7 ||    24
         Short sword       |     6 |    29 |       |       ||    35
         Dagger            |       |    19 |    56 |    45 ||   120
         Punch             |       |       |     1 |     1 ||     2
  Throw: Dart              |     1 |    11 |    50 |     4 ||    66
   Cast: Foxfire           |    45 |    77 |    99 |    62 ||   283
         Sandblast         |    48 |    25 |   142 |    74 ||   289
         Stone Arrow       |       |     1 |    11 |    18 ||    30
         Scorch            |       |       |     6 |       ||     6
         Mephitic Cloud    |       |       |     1 |     1 ||     2
  Evoke: Wand              |       |       |     2 |    15 ||    17
    Use: Scroll            |     6 |     4 |     4 |     2 ||    16
         Potion            |       |       |     5 |     1 ||     6
   Stab: Sleeping          |       |     2 |       |       ||     2
         Confused          |       |       |       |     1 ||     1
 Armour: Skin              |    28 |    27 |    82 |    33 ||   170
  Dodge: Dodged            |    59 |    39 |   182 |    83 ||   363
